[ AOE2 MATCH · #475331925 ]
UnrankedRomans vs Spanish
Player's team · LOSS
[ REPLAY ANALYSIS · EXTRACTED FROM THE RECORDED GAME ]
Feudal
13:47
Castle
—
Imperial
—
| APM avg | 31.8 |
| APM peak | 44 |
| eAPM avg | 15.6 |
| Villagers / military | 34 / 14 |
Focus
⚔️ 15.9% · 🌾 84.1%
Militia ×11 · Fishing Ship ×6 · Archer ×2 · Spearman ×1
Feudal
13:53
Castle
—
Imperial
—
| APM avg | 18.1 |
| APM peak | 36 |
| eAPM avg | 8.5 |
| Villagers / military | 29 / 0 |
Focus
⚔️ 11.7% · 🌾 88.3%
Fishing Ship ×14 · Unknown (2626) ×8
Feudal
16:48
Castle
—
Imperial
—
| APM avg | 30.0 |
| APM peak | 66 |
| eAPM avg | 8.7 |
| Villagers / military | 32 / 0 |
Focus
⚔️ 5.8% · 🌾 94.2%
Fishing Ship ×28
Feudal
14:30
Castle
19:06
Imperial
—
| APM avg | 25.9 |
| APM peak | 60 |
| eAPM avg | 8.7 |
| Villagers / military | 27 / 0 |
Focus
⚔️ 12.3% · 🌾 87.7%
Fishing Ship ×10 · Unknown (2626) ×3
Feudal
12:57
Castle
16:52
Imperial
—
| APM avg | 35.5 |
| APM peak | 76 |
| eAPM avg | 20.6 |
| Villagers / military | 56 / 1 |
Focus
⚔️ 36.6% · 🌾 63.4%
Fishing Ship ×12 · Unknown (2626) ×10 · Fire Galley ×1
Feudal
14:29
Castle
18:24
Imperial
—
| APM avg | 28.3 |
| APM peak | 47 |
| eAPM avg | 14.5 |
| Villagers / military | 35 / 5 |
Focus
⚔️ 29.7% · 🌾 70.3%
Fishing Ship ×9 · Hussite Wagon ×5
Feudal
14:20
Castle
18:00
Imperial
—
| APM avg | 29.4 |
| APM peak | 88 |
| eAPM avg | 11.0 |
| Villagers / military | 33 / 3 |
Focus
⚔️ 13.5% · 🌾 86.5%
Fishing Ship ×5 · Magyar Huszar ×3
Feudal
15:57
Castle
20:12
Imperial
—
| APM avg | 54.7 |
| APM peak | 76 |
| eAPM avg | 21.1 |
| Villagers / military | 33 / 0 |
Focus
⚔️ 27.8% · 🌾 72.2%
Fishing Ship ×11
Match map
Initial resources + every placement click. Lines = walls · curves = elevation contours. ◆ gold · ⬟ stone · ● berries · ✦ relic · ◌ wall gap
Your base· Open — unwalled flank
Warning: You are attacked by me.'s base· Open — unwalled flank
平湖秋月197's base· Open — 10t gap
[TAIDA]宋楚魚's base· Open — 13t gap
RedTide's base· Open — 10t gap
暴风星云裂's base· Open — 5t gap
Rain's base· Open — 6t gap
草原枪兵's base· Open — 3t gap
Smoothed initial terrain · ◌ = detected wall gap · hover for details
Inputs per minute
— the republic of Rome - - Warning: You are attacked by me.
Build order — the republic of Rome
83 actions detected in the replay
| 0:06 | Build | House |
| 0:22 | Build | Town Center |
| 1:13 | Build | Dock |
| 2:43 | Create | Villager (Male) ×4 |
| 3:38 | Build | Palisade Wall |
| 3:42 | Build | Palisade Wall |
| 3:50 | Research | Loom |
| 4:09 | Create | Fishing Ship |
| 5:19 | Create | Fishing Ship |
| 5:22 | Create | Villager (Male) |
| 5:54 | Create | Villager (Male) |
| 6:14 | Create | Villager (Male) |
| 6:32 | Create | Villager (Male) |
| 6:57 | Create | Fishing Ship |
| 7:13 | Create | Villager (Male) |
| 7:18 | Build | House |
| 7:30 | Create | Villager (Male) |
| 7:46 | Build | House |
| 7:47 | Build | Palisade Wall |
| 7:54 | Create | Fishing Ship |
| 8:29 | Create | Villager (Male) |
| 8:33 | Create | Villager (Male) |
| 8:37 | Create | Fishing Ship |
| 9:04 | Create | Villager (Male) |
| 9:43 | Create | Villager (Male) |
| 10:07 | Create | Villager (Male) |
| 10:08 | Create | Fishing Ship |
| 10:35 | Build | Barracks |
| 10:47 | Create | Villager (Male) |
| 10:47 | Create | Villager (Male) |
| 11:24 | Research | Feudal Age |
| 11:32 | Build | Mining Camp |
| 11:54 | Build | House |
| 12:02 | Build | House |
| 12:08 | Create | Villager (Male) |
| 12:17 | Create | Militia |
| 12:37 | Build | Mill |
| 12:39 | Create | Villager (Male) |
| 12:47 | Build | Outpost |
| 12:49 | Create | Villager (Male) |
| 13:01 | Build | Mining Camp |
| 13:04 | Create | Villager (Male) |
| 13:08 | Create | Militia |
| 13:08 | Create | Militia |
| 13:46 | Create | Militia |
| 13:47 | Age | Feudal Age |
| 13:51 | Research | Man-at-Arms (upgrade) |
| 13:58 | Build | Blacksmith |
| 14:37 | Research | Scale Mail Armor |
| 14:39 | Create | Militia |
| 14:47 | Create | Villager (Male) |
| 14:49 | Build | House |
| 15:15 | Build | Watch Tower |
| 15:27 | Create | Militia |
| 15:28 | Create | Villager (Male) |
| 16:11 | Create | Villager (Male) |
| 16:24 | Create | Villager (Male) |
| 16:28 | Create | Militia |
| 16:28 | Create | Militia |
| 16:31 | Build | House |
| 16:32 | Build | House |
| 16:38 | Research | Forging |
| 16:44 | Build | Archery Range |
| 17:09 | Build | Watch Tower |
| 17:14 | Create | Villager (Male) |
| 17:15 | Create | Militia |
| 17:16 | Create | Militia |
| 17:23 | Create | Villager (Male) |
| 17:23 | Create | Villager (Male) |
| 17:59 | Create | Militia |
| 18:00 | Create | Villager (Male) |
| 18:01 | Create | Villager (Male) |
| 18:39 | Create | Villager (Male) |
| 18:40 | Create | Villager (Male) |
| 18:50 | Build | Lumber Camp |
| 18:52 | Create | Archer |
| 18:52 | Create | Archer |
| 18:58 | Create | Spearman |
| 19:00 | Build | House |
| 19:01 | Build | House |
| 19:40 | Create | Villager (Male) |
| 19:40 | Create | Villager (Male) |
| 19:47 | Build | Mill |
Build order — Warning: You are attacked by me.
78 actions detected in the replay
| 0:27 | Build | Town Center |
| 1:14 | Build | Dock |
| 2:45 | Create | Villager (Male) ×4 |
| 3:35 | Create | Fishing Ship |
| 3:51 | Create | Villager (Male) |
| 4:11 | Build | House |
| 4:42 | Create | Fishing Ship |
| 4:45 | Research | Loom |
| 5:06 | Build | House |
| 5:11 | Build | House |
| 5:30 | Create | Villager (Male) |
| 5:56 | Create | Fishing Ship |
| 6:03 | Build | House |
| 6:28 | Create | Fishing Ship |
| 6:43 | Build | House |
| 6:44 | Create | Villager (Male) |
| 6:45 | Create | Villager (Male) |
| 7:24 | Create | Fishing Ship |
| 7:26 | Build | House |
| 7:54 | Build | House |
| 7:55 | Create | Villager (Male) |
| 7:57 | Create | Villager (Male) |
| 8:08 | Create | Fishing Ship |
| 8:32 | Build | House |
| 8:36 | Create | Villager (Male) |
| 8:59 | Create | Fishing Ship |
| 9:20 | Build | Dock |
| 9:21 | Create | Villager (Male) |
| 9:21 | Create | Villager (Male) |
| 9:27 | Build | House |
| 9:28 | Build | Palisade Wall |
| 9:33 | Create | Villager (Male) |
| 9:33 | Create | Villager (Male) |
| 9:41 | Create | Villager (Male) |
| 9:51 | Create | Fishing Ship |
| 10:12 | Build | House |
| 10:20 | Create | Villager (Male) |
| 10:23 | Create | Fishing Ship |
| 10:45 | Build | Palisade Wall |
| 10:47 | Build | Mining Camp |
| 10:49 | Create | Villager (Male) |
| 11:14 | Create | Fishing Ship |
| 11:43 | Research | Feudal Age |
| 11:56 | Build | Lumber Camp |
| 13:07 | Build | Dock |
| 13:23 | Create | Villager (Male) |
| 13:53 | Age | Feudal Age |
| 13:55 | Create | Villager (Male) |
| 13:56 | Research | Double-Bit Axe |
| 13:57 | Create | Unit 2626 |
| 13:58 | Create | Unit 2626 |
| 13:59 | Create | Unit 2626 |
| 14:07 | Research | Town Watch |
| 14:21 | Build | Mill |
| 14:26 | Create | Unit 2626 |
| 14:27 | Create | Unit 2626 |
| 14:28 | Create | Unit 2626 |
| 14:30 | Create | Villager (Male) |
| 14:51 | Build | Blacksmith |
| 14:54 | Create | Villager (Male) |
| 14:56 | Create | Unit 2626 |
| 15:12 | Create | Unit 2626 |
| 15:21 | Create | Villager (Male) |
| 15:58 | Create | Villager (Male) |
| 16:01 | Build | Market |
| 16:19 | Create | Villager (Male) |
| 16:25 | Build | Mining Camp |
| 16:34 | Research | Stone Mining |
| 16:37 | Create | Villager (Male) |
| 16:49 | Create | Fishing Ship |
| 17:07 | Create | Villager (Male) |
| 17:34 | Create | Villager (Male) |
| 17:52 | Research | Tech 906 |
| 17:54 | Create | Fishing Ship |
| 18:00 | Create | Villager (Male) |
| 18:27 | Create | Fishing Ship |
| 18:29 | Create | Fishing Ship |
| 18:51 | Research | Castle Age |
Build order — 平湖秋月197
94 actions detected in the replay
| 0:08 | Build | Town Center |
| 0:21 | Build | House |
| 0:23 | Build | House |
| 0:29 | Build | Dock |
| 2:44 | Create | Villager (Male) ×4 |
| 3:36 | Create | Villager (Male) |
| 5:22 | Create | Villager (Male) |
| 6:04 | Create | Villager (Male) |
| 6:05 | Create | Villager (Male) |
| 6:05 | Create | Villager (Male) |
| 6:09 | Create | Fishing Ship |
| 6:46 | Create | Villager (Male) |
| 6:46 | Create | Villager (Male) |
| 7:18 | Create | Fishing Ship |
| 7:45 | Create | Villager (Male) |
| 7:45 | Create | Villager (Male) |
| 8:15 | Create | Villager (Male) |
| 8:28 | Build | House |
| 8:29 | Build | House |
| 8:39 | Create | Fishing Ship |
| 9:04 | Create | Villager (Male) |
| 9:08 | Create | Villager (Male) |
| 9:13 | Build | House |
| 9:16 | Build | House |
| 9:25 | Create | Fishing Ship |
| 9:45 | Build | Palisade Wall |
| 9:47 | Create | Villager (Male) |
| 10:09 | Create | Villager (Male) |
| 10:17 | Create | Fishing Ship |
| 10:45 | Build | Dock |
| 10:53 | Create | Villager (Male) |
| 10:53 | Create | Villager (Male) |
| 11:25 | Create | Villager (Male) |
| 11:25 | Create | Villager (Male) |
| 11:27 | Create | Fishing Ship |
| 11:27 | Create | Fishing Ship |
| 11:35 | Create | Fishing Ship |
| 12:00 | Build | Mining Camp |
| 12:03 | Create | Villager (Male) |
| 12:14 | Create | Fishing Ship |
| 12:45 | Create | Villager (Male) |
| 12:47 | Create | Fishing Ship |
| 12:48 | Create | Fishing Ship |
| 13:05 | Build | House |
| 13:06 | Build | House |
| 13:08 | Build | House |
| 13:11 | Build | House |
| 13:13 | Create | Villager (Male) |
| 13:28 | Create | Villager (Male) |
| 13:28 | Create | Villager (Male) |
| 14:15 | Create | Fishing Ship |
| 14:15 | Create | Fishing Ship |
| 14:20 | Research | Feudal Age |
| 14:56 | Build | Mining Camp |
| 15:37 | Build | House |
| 15:42 | Build | House |
| 15:43 | Build | House |
| 15:44 | Create | Villager (Male) |
| 15:47 | Create | Fishing Ship |
| 15:47 | Create | Fishing Ship |
| 15:48 | Create | Fishing Ship |
| 16:14 | Build | Mill |
| 16:21 | Build | Mill |
| 16:27 | Create | Fishing Ship |
| 16:48 | Age | Feudal Age |
| 17:05 | Create | Fishing Ship |
| 17:05 | Create | Fishing Ship |
| 17:06 | Create | Villager (Male) |
| 17:16 | Build | Blacksmith |
| 17:32 | Create | Villager (Male) |
| 17:38 | Build | House |
| 17:45 | Build | Palisade Gate |
| 17:49 | Build | House |
| 17:50 | Build | House |
| 17:52 | Build | House |
| 17:53 | Build | House |
| 17:55 | Build | House |
| 18:08 | Create | Villager (Male) |
| 18:15 | Build | Market |
| 18:31 | Build | Dock |
| 18:37 | Create | Villager (Male) |
| 18:56 | Research | Castle Age |
| 19:06 | Create | Fishing Ship |
| 19:06 | Create | Fishing Ship |
| 19:07 | Create | Fishing Ship |
| 19:31 | Build | Lumber Camp |
| 19:35 | Create | Fishing Ship |
| 19:36 | Create | Fishing Ship |
| 19:36 | Create | Fishing Ship |
| 20:05 | Build | House |
| 20:20 | Research | Double-Bit Axe |
| 20:22 | Create | Fishing Ship |
| 20:22 | Create | Fishing Ship |
| 20:22 | Create | Fishing Ship |
Build order — [TAIDA]宋楚魚
73 actions detected in the replay
| 1:34 | Build | Town Center |
| 2:55 | Build | Dock |
| 2:57 | Build | House |
| 3:38 | Create | Villager (Male) |
| 3:39 | Create | Villager (Male) |
| 3:39 | Create | Villager (Male) |
| 3:39 | Create | Villager (Male) |
| 5:03 | Create | Fishing Ship |
| 5:11 | Research | Loom |
| 5:43 | Create | Villager (Male) |
| 5:43 | Create | Villager (Male) |
| 6:03 | Create | Fishing Ship |
| 6:18 | Create | Villager (Male) |
| 6:18 | Create | Villager (Male) |
| 6:49 | Create | Villager (Male) |
| 7:08 | Create | Villager (Male) |
| 7:27 | Build | House |
| 7:36 | Create | Villager (Male) |
| 7:50 | Create | Villager (Male) |
| 8:01 | Create | Fishing Ship |
| 8:18 | Create | Villager (Male) |
| 8:25 | Create | Villager (Male) |
| 8:43 | Create | Villager (Male) |
| 8:55 | Build | House |
| 9:03 | Create | Fishing Ship |
| 9:27 | Create | Villager (Male) |
| 9:27 | Create | Villager (Male) |
| 9:27 | Create | Villager (Male) |
| 9:27 | Create | Villager (Male) |
| 9:28 | Create | Villager (Male) |
| 9:51 | Create | Fishing Ship |
| 10:23 | Build | House |
| 10:36 | Create | Fishing Ship |
| 10:39 | Create | Villager (Male) |
| 10:59 | Build | Mill |
| 11:35 | Create | Fishing Ship |
| 11:53 | Build | House |
| 12:20 | Research | Feudal Age |
| 12:57 | Build | Dock |
| 13:12 | Build | Farm |
| 13:13 | Build | Farm |
| 13:14 | Build | Farm |
| 13:19 | Create | Fishing Ship |
| 13:32 | Create | Fishing Ship |
| 13:37 | Create | Fishing Ship |
| 14:29 | Create | Villager (Male) |
| 14:30 | Create | Villager (Male) |
| 14:30 | Age | Feudal Age |
| 14:37 | Build | Market |
| 14:47 | Build | House |
| 15:10 | Build | Blacksmith |
| 15:26 | Build | Palisade Wall |
| 15:30 | Build | Palisade Wall |
| 15:45 | Create | Unit 2626 |
| 15:55 | Build | Palisade Wall |
| 15:57 | Build | Palisade Wall |
| 15:59 | Build | Palisade Wall |
| 16:01 | Build | Palisade Wall |
| 16:26 | Research | Castle Age |
| 16:52 | Create | Unit 2626 |
| 16:52 | Create | Unit 2626 |
| 17:08 | Build | House |
| 17:09 | Build | House |
| 17:23 | Build | Lumber Camp |
| 17:45 | Research | Double-Bit Axe |
| 18:54 | Build | Palisade Wall |
| 18:59 | Create | Villager (Male) |
| 18:59 | Create | Villager (Male) |
| 19:06 | Age | Castle Age |
| 19:10 | Build | Mining Camp |
| 19:59 | Research | Gold Mining |
| 20:05 | Create | Villager (Male) |
| 20:06 | Create | Villager (Male) |
Build order — RedTide
127 actions detected in the replay
| 0:03 | Build | Town Center |
| 0:42 | Build | Dock |
| 2:23 | Create | Villager (Male) |
| 2:24 | Create | Villager (Male) |
| 2:24 | Create | Villager (Male) |
| 2:24 | Create | Villager (Male) |
| 2:30 | Research | Loom |
| 2:30 | Create | Villager (Male) |
| 2:33 | Create | Villager (Male) |
| 2:35 | Create | Villager (Male) |
| 3:02 | Create | Fishing Ship |
| 3:02 | Create | Fishing Ship |
| 3:27 | Build | Palisade Wall |
| 3:31 | Build | Palisade Wall |
| 3:37 | Build | Palisade Wall |
| 3:39 | Build | Palisade Wall |
| 3:55 | Build | Palisade Wall |
| 4:18 | Create | Fishing Ship |
| 4:31 | Create | Villager (Male) |
| 4:44 | Build | House |
| 5:16 | Create | Villager (Male) |
| 5:33 | Create | Fishing Ship |
| 5:38 | Create | Villager (Male) |
| 5:38 | Create | Villager (Male) |
| 6:00 | Create | Villager (Male) |
| 6:23 | Build | House |
| 6:33 | Create | Villager (Male) |
| 6:34 | Create | Fishing Ship |
| 6:52 | Create | Villager (Male) |
| 7:14 | Build | House |
| 7:26 | Create | Villager (Male) |
| 7:27 | Create | Villager (Male) |
| 7:27 | Create | Villager (Male) |
| 7:28 | Create | Fishing Ship |
| 7:36 | Build | House |
| 7:38 | Create | Villager (Male) |
| 8:04 | Create | Fishing Ship |
| 8:09 | Create | Villager (Male) |
| 8:41 | Create | Villager (Male) |
| 8:45 | Create | Villager (Male) |
| 8:46 | Create | Villager (Male) |
| 8:51 | Create | Villager (Male) |
| 8:59 | Build | Dock |
| 9:03 | Create | Villager (Male) |
| 9:08 | Create | Villager (Male) |
| 9:38 | Build | House |
| 9:48 | Build | Mining Camp |
| 10:14 | Create | Fishing Ship |
| 10:15 | Create | Villager (Male) |
| 10:32 | Create | Villager (Male) |
| 10:41 | Research | Feudal Age |
| 11:20 | Create | Fishing Ship |
| 11:21 | Create | Fishing Ship |
| 11:46 | Build | Mill |
| 12:12 | Create | Villager (Male) |
| 12:13 | Create | Villager (Male) |
| 12:33 | Create | Fishing Ship |
| 12:57 | Age | Feudal Age |
| 13:00 | Build | Market |
| 13:04 | Build | Blacksmith |
| 13:26 | Create | Fishing Ship |
| 13:37 | Build | House |
| 13:43 | Create | Villager (Male) |
| 13:57 | Research | Castle Age |
| 13:57 | Research | Castle Age |
| 14:04 | Build | Lumber Camp |
| 14:14 | Build | House |
| 14:37 | Research | Double-Bit Axe |
| 14:56 | Research | Gold Mining |
| 14:56 | Research | Gold Mining |
| 15:15 | Create | Unit 2626 |
| 15:25 | Create | Villager (Male) |
| 15:40 | Create | Unit 2626 |
| 15:44 | Create | Villager (Male) |
| 15:45 | Create | Villager (Male) |
| 15:52 | Build | House |
| 15:54 | Build | Palisade Wall |
| 15:55 | Create | Villager (Male) |
| 16:00 | Build | House |
| 16:06 | Build | House |
| 16:07 | Build | House |
| 16:18 | Create | Unit 2626 |
| 16:19 | Create | Villager (Male) |
| 16:31 | Research | Tech 906 |
| 16:31 | Research | Tech 906 |
| 16:47 | Create | Villager (Male) |
| 16:52 | Age | Castle Age |
| 16:59 | Research | War Galley (upgrade) |
| 17:00 | Create | Unit 2626 |
| 17:01 | Create | Villager (Male) |
| 17:11 | Create | Villager (Male) |
| 17:30 | Create | Unit 2626 |
| 17:31 | Research | Gillnets |
| 17:31 | Create | Villager (Male) |
| 17:52 | Create | Unit 2626 |
| 17:52 | Create | Villager (Male) |
| 17:58 | Research | Bow Saw |
| 17:59 | Create | Villager (Male) |
| 18:02 | Build | House |
| 18:05 | Build | House |
| 18:05 | Create | Villager (Male) |
| 18:11 | Build | Palisade Wall |
| 18:15 | Create | Villager (Male) |
| 18:25 | Create | Villager (Male) |
| 18:35 | Create | Unit 2626 |
| 18:36 | Create | Villager (Male) |
| 18:38 | Create | Unit 2626 |
| 18:48 | Create | Fire Galley |
| 18:48 | Create | Villager (Male) |
| 19:05 | Create | Unit 2626 |
| 19:05 | Create | Unit 2626 |
| 19:05 | Create | Villager (Male) |
| 19:11 | Create | Villager (Male) |
| 19:16 | Build | House |
| 19:40 | Create | Villager (Male) |
| 19:47 | Build | Town Center |
| 19:53 | Create | Villager (Male) |
| 20:14 | Create | Villager (Male) |
| 20:20 | Create | Villager (Male) |
| 20:26 | Build | House |
| 20:28 | Create | Villager (Male) |
| 20:29 | Create | Villager (Male) |
| 20:34 | Build | House |
| 20:36 | Build | House |
| 20:36 | Create | Villager (Male) |
| 20:38 | Build | Palisade Wall |
| 20:39 | Create | Villager (Male) |
Build order — 暴风星云裂
83 actions detected in the replay
| 0:18 | Build | Town Center |
| 0:27 | Build | Dock |
| 2:35 | Create | Villager (Male) ×4 |
| 2:35 | Create | Villager (Male) ×4 |
| 3:07 | Create | Villager (Male) |
| 3:22 | Create | Fishing Ship |
| 4:21 | Research | Loom |
| 4:36 | Create | Fishing Ship |
| 4:42 | Create | Villager (Male) |
| 4:49 | Build | House |
| 4:59 | Build | House |
| 5:30 | Create | Villager (Male) |
| 5:50 | Create | Fishing Ship |
| 6:13 | Build | House |
| 6:16 | Create | Villager (Male) |
| 6:41 | Create | Villager (Male) |
| 6:50 | Create | Fishing Ship |
| 6:53 | Create | Villager (Male) |
| 7:02 | Build | House |
| 7:18 | Create | Villager (Male) |
| 7:32 | Create | Fishing Ship |
| 7:50 | Create | Villager (Male) |
| 8:16 | Create | Fishing Ship |
| 8:22 | Create | Villager (Male) ×2 |
| 8:44 | Create | Villager (Male) |
| 8:52 | Build | House |
| 9:23 | Create | Villager (Male) |
| 9:24 | Create | Fishing Ship |
| 9:48 | Build | Dock |
| 9:52 | Build | Palisade Wall |
| 10:01 | Create | Villager (Male) |
| 10:15 | Build | House |
| 10:35 | Create | Villager (Male) |
| 10:38 | Create | Villager (Male) |
| 10:39 | Create | Villager (Male) |
| 11:09 | Create | Fishing Ship |
| 11:15 | Build | House |
| 11:28 | Build | Mining Camp |
| 11:44 | Build | House |
| 11:54 | Create | Villager (Male) |
| 12:17 | Research | Feudal Age |
| 12:17 | Research | Feudal Age |
| 12:39 | Build | Mining Camp |
| 12:47 | Create | Fishing Ship |
| 13:14 | Build | Lumber Camp |
| 13:26 | Build | Lumber Camp |
| 14:14 | Create | Villager (Male) |
| 14:14 | Create | Villager (Male) |
| 14:29 | Age | Feudal Age |
| 14:32 | Build | Mill |
| 14:34 | Build | Blacksmith |
| 14:36 | Research | Double-Bit Axe |
| 14:37 | Research | Double-Bit Axe |
| 14:55 | Create | Villager (Male) |
| 15:00 | Build | Market |
| 15:45 | Research | Castle Age |
| 16:21 | Research | Fletching |
| 16:22 | Create | Villager (Male) |
| 16:25 | Research | Tech 906 |
| 16:25 | Research | Tech 906 |
| 17:07 | Build | Dock |
| 17:45 | Build | Palisade Wall |
| 17:46 | Build | Palisade Wall |
| 18:24 | Age | Castle Age |
| 18:29 | Build | Castle |
| 18:36 | Research | Bow Saw |
| 18:36 | Research | Bow Saw |
| 18:37 | Create | Villager (Male) |
| 19:05 | Build | Siege Workshop |
| 19:08 | Build | Lumber Camp |
| 19:10 | Create | Villager (Male) |
| 19:21 | Create | Hussite Wagon |
| 19:38 | Create | Hussite Wagon |
| 19:39 | Create | Villager (Male) |
| 19:39 | Create | Villager (Male) |
| 19:48 | Create | Villager (Male) |
| 19:57 | Create | Hussite Wagon |
| 20:03 | Build | Palisade Wall |
| 20:08 | Build | Palisade Wall |
| 20:29 | Build | Siege Workshop |
| 20:33 | Create | Hussite Wagon |
| 20:35 | Create | Villager (Male) |
| 20:36 | Create | Hussite Wagon |
Build order — Rain
70 actions detected in the replay
| 0:05 | Build | House |
| 0:25 | Build | Town Center |
| 0:51 | Build | Dock |
| 2:57 | Create | Villager (Male) |
| 2:57 | Create | Villager (Male) |
| 2:57 | Create | Villager (Male) |
| 3:00 | Create | Villager (Male) |
| 3:00 | Create | Villager (Male) |
| 3:49 | Create | Villager (Male) |
| 4:06 | Create | Fishing Ship |
| 4:25 | Build | House |
| 4:56 | Create | Villager (Male) |
| 5:16 | Research | Loom |
| 5:16 | Research | Loom |
| 5:35 | Create | Villager (Male) |
| 5:54 | Create | Villager (Male) |
| 5:54 | Create | Villager (Male) |
| 6:29 | Create | Villager (Male) |
| 6:29 | Create | Villager (Male) |
| 6:46 | Create | Villager (Male) |
| 7:04 | Create | Fishing Ship |
| 7:17 | Create | Villager (Male) |
| 7:40 | Create | Fishing Ship |
| 7:42 | Build | House |
| 8:15 | Create | Villager (Male) |
| 8:24 | Build | Mill |
| 8:25 | Create | Villager (Male) |
| 8:46 | Create | Villager (Male) |
| 9:15 | Create | Villager (Male) |
| 9:41 | Create | Fishing Ship |
| 9:45 | Build | House |
| 10:04 | Create | Villager (Male) |
| 10:09 | Build | Mining Camp |
| 10:12 | Create | Villager (Male) |
| 10:19 | Create | Villager (Male) |
| 10:39 | Create | Villager (Male) |
| 11:07 | Create | Fishing Ship |
| 11:24 | Research | Feudal Age |
| 11:30 | Create | Villager (Male) |
| 11:46 | Research | Feudal Age |
| 14:20 | Age | Feudal Age |
| 14:24 | Build | Market |
| 14:28 | Build | Blacksmith |
| 14:31 | Create | Villager (Male) |
| 14:58 | Create | Villager (Male) |
| 15:04 | Build | House |
| 15:20 | Research | Castle Age |
| 15:20 | Research | Castle Age |
| 15:25 | Create | Villager (Male) |
| 15:41 | Build | Lumber Camp |
| 16:20 | Create | Villager (Male) |
| 16:38 | Research | Double-Bit Axe |
| 16:42 | Research | Horse Collar |
| 16:42 | Research | Horse Collar |
| 17:00 | Build | Farm |
| 17:08 | Create | Villager (Male) |
| 18:00 | Age | Castle Age |
| 18:06 | Build | Castle |
| 18:21 | Build | Siege Workshop |
| 18:32 | Create | Villager (Male) |
| 19:01 | Create | Magyar Huszar |
| 19:01 | Create | Magyar Huszar |
| 19:07 | Build | Farm |
| 19:08 | Create | Villager (Male) |
| 19:23 | Create | Villager (Male) |
| 19:25 | Build | Farm |
| 19:28 | Build | Mining Camp |
| 19:53 | Create | Villager (Male) |
| 19:59 | Create | Magyar Huszar |
| 20:25 | Create | Villager (Male) |
Build order — 草原枪兵
90 actions detected in the replay
| 0:07 | Build | Town Center |
| 0:11 | Build | House |
| 1:41 | Build | Dock |
| 2:41 | Create | Villager (Male) |
| 2:41 | Create | Villager (Male) |
| 2:44 | Research | Loom |
| 3:19 | Create | Villager (Male) |
| 3:20 | Create | Villager (Male) |
| 3:20 | Create | Villager (Male) |
| 4:24 | Create | Villager (Male) |
| 4:24 | Create | Villager (Male) |
| 4:44 | Create | Villager (Male) |
| 4:44 | Create | Villager (Male) |
| 5:01 | Create | Fishing Ship |
| 5:28 | Create | Villager (Male) |
| 5:29 | Create | Villager (Male) |
| 5:52 | Create | Villager (Male) |
| 5:52 | Create | Villager (Male) |
| 5:52 | Create | Villager (Male) |
| 6:02 | Build | House |
| 6:29 | Build | House |
| 6:47 | Create | Villager (Male) |
| 7:11 | Create | Villager (Male) |
| 7:11 | Create | Villager (Male) |
| 7:19 | Create | Fishing Ship |
| 7:19 | Create | Fishing Ship |
| 7:59 | Create | Villager (Male) |
| 8:09 | Create | Fishing Ship |
| 8:13 | Build | House |
| 8:30 | Create | Fishing Ship |
| 8:35 | Create | Villager (Male) |
| 8:36 | Create | Villager (Male) |
| 8:56 | Create | Fishing Ship |
| 9:18 | Create | Villager (Male) |
| 9:18 | Create | Villager (Male) |
| 9:43 | Create | Villager (Male) |
| 9:43 | Create | Villager (Male) |
| 10:10 | Create | Villager (Male) |
| 10:10 | Create | Villager (Male) |
| 10:10 | Create | Villager (Male) |
| 10:12 | Create | Fishing Ship |
| 10:17 | Build | House |
| 10:36 | Create | Fishing Ship |
| 10:45 | Create | Villager (Male) |
| 11:00 | Build | Dock |
| 11:04 | Create | Villager (Male) |
| 11:09 | Build | House |
| 11:13 | Build | Palisade Wall |
| 11:16 | Create | Villager (Male) |
| 11:26 | Build | Mill |
| 11:32 | Build | House |
| 11:48 | Create | Villager (Male) |
| 12:02 | Build | House |
| 12:06 | Create | Fishing Ship |
| 12:19 | Create | Villager (Male) |
| 12:29 | Build | House |
| 12:31 | Build | Palisade Wall |
| 12:41 | Build | House |
| 12:43 | Build | Palisade Wall |
| 12:49 | Create | Fishing Ship |
| 12:49 | Create | Fishing Ship |
| 13:18 | Build | Palisade Wall |
| 13:20 | Build | Palisade Wall |
| 13:24 | Build | Palisade Wall |
| 13:47 | Research | Feudal Age |
| 14:04 | Build | Palisade Wall |
| 14:07 | Build | Palisade Wall |
| 14:10 | Build | Palisade Wall |
| 14:12 | Build | Palisade Wall |
| 14:30 | Create | Villager (Male) |
| 14:59 | Build | Mining Camp |
| 15:06 | Build | House |
| 15:08 | Build | Palisade Wall |
| 15:31 | Build | House |
| 15:33 | Build | Palisade Wall |
| 15:57 | Age | Feudal Age |
| 16:04 | Build | Market |
| 16:17 | Build | Blacksmith |
| 16:21 | Build | House |
| 16:25 | Build | Palisade Wall |
| 16:29 | Build | Palisade Wall |
| 16:33 | Build | Palisade Wall |
| 16:48 | Build | House |
| 17:00 | Build | House |
| 17:32 | Research | Castle Age |
| 17:54 | Build | Stone Wall |
| 17:55 | Build | Stone Wall |
| 18:00 | Build | Stone Wall |
| 19:55 | Build | Mining Camp |
| 20:12 | Age | Castle Age |
Match timeline
| 0:27 | 暴风星云裂 · first_building Dock |
| 0:29 | 平湖秋月197 · first_building Dock |
| 0:42 | RedTide · first_building Dock |
| 0:51 | Rain · first_building Dock |
| 1:13 | the republic of Rome · first_building Dock |
| 1:14 | Warning: You are attacked by me. · first_building Dock |
| 1:41 | 草原枪兵 · first_building Dock |
| 2:55 | [TAIDA]宋楚魚 · first_building Dock |
| 3:27 | RedTide · wall_segment Palisade Wall x1 |
| 3:31 | RedTide · wall_segment Palisade Wall x1 |
| 3:37 | RedTide · wall_segment Palisade Wall x1 |
| 3:38 | the republic of Rome · wall_segment Palisade Wall x1 |
| 3:39 | RedTide · wall_segment Palisade Wall x1 |
| 3:42 | the republic of Rome · wall_segment Palisade Wall x1 |
| 3:55 | RedTide · wall_segment Palisade Wall x1 |
| 7:47 | the republic of Rome · wall_segment Palisade Wall x1 |
| 9:28 | Warning: You are attacked by me. · wall_segment Palisade Wall x1 |
| 9:45 | 平湖秋月197 · wall_segment Palisade Wall x1 |
| 9:52 | 暴风星云裂 · wall_segment Palisade Wall x1 |
| 10:35 | the republic of Rome · first_building Barracks |
| 10:45 | Warning: You are attacked by me. · wall_segment Palisade Wall x2 |
| 11:13 | 草原枪兵 · wall_segment Palisade Wall x6 |
| 12:31 | 草原枪兵 · wall_segment Palisade Wall x4 |
| 12:43 | 草原枪兵 · wall_segment Palisade Wall x3 |
| 12:57 | RedTide · age_up feudal |
| 13:18 | 草原枪兵 · wall_segment Palisade Wall x1 |
| 13:20 | 草原枪兵 · wall_segment Palisade Wall x4 |
| 13:24 | 草原枪兵 · wall_segment Palisade Wall x5 |
| 13:47 | the republic of Rome · age_up feudal |
| 13:53 | Warning: You are attacked by me. · age_up feudal |
| 14:04 | 草原枪兵 · wall_segment Palisade Wall x1 |
| 14:07 | 草原枪兵 · wall_segment Palisade Wall x1 |
| 14:10 | 草原枪兵 · wall_segment Palisade Wall x4 |
| 14:12 | 草原枪兵 · wall_segment Palisade Wall x3 |
| 14:20 | Rain · age_up feudal |
| 14:29 | 暴风星云裂 · age_up feudal |
| 14:30 | [TAIDA]宋楚魚 · age_up feudal |
| 15:08 | 草原枪兵 · wall_segment Palisade Wall x3 |
| 15:19 | Rain · first_market_sell 100 stone |
| 15:26 | [TAIDA]宋楚魚 · wall_segment Palisade Wall x2 |
| 15:30 | [TAIDA]宋楚魚 · wall_segment Palisade Wall x1 |
| 15:33 | 草原枪兵 · wall_segment Palisade Wall x1 |
| 15:54 | RedTide · wall_segment Palisade Wall x5 |
| 15:55 | [TAIDA]宋楚魚 · wall_segment Palisade Wall x1 |
| 15:57 | [TAIDA]宋楚魚 · wall_segment Palisade Wall x1 |
| 15:57 | 草原枪兵 · age_up feudal |
| 15:59 | [TAIDA]宋楚魚 · wall_segment Palisade Wall x1 |
| 16:01 | [TAIDA]宋楚魚 · wall_segment Palisade Wall x1 |
| 16:08 | [TAIDA]宋楚魚 · first_market_sell 100 stone |
| 16:25 | 草原枪兵 · wall_segment Palisade Wall x1 |
| 16:29 | 草原枪兵 · wall_segment Palisade Wall x1 |
| 16:33 | 草原枪兵 · wall_segment Palisade Wall x1 |
| 16:44 | the republic of Rome · first_building Archery Range |
| 16:48 | 平湖秋月197 · age_up feudal |
| 16:52 | RedTide · age_up castle |
| 17:25 | 草原枪兵 · first_market_sell 100 stone |
| 17:45 | 暴风星云裂 · wall_segment Palisade Wall x1 |
| 17:46 | 暴风星云裂 · wall_segment Palisade Wall x1 |
| 17:54 | 草原枪兵 · wall_segment Stone Wall x1 |
| 17:55 | 草原枪兵 · wall_segment Stone Wall x1 |
| 18:00 | Rain · age_up castle |
| 18:00 | 草原枪兵 · wall_segment Stone Wall x1 |
| 18:06 | Rain · first_building Castle |
| 18:11 | RedTide · wall_segment Palisade Wall x16 |
| 18:21 | Rain · first_building Siege Workshop |
| 18:24 | 暴风星云裂 · age_up castle |
| 18:29 | 暴风星云裂 · first_building Castle |
| 18:54 | [TAIDA]宋楚魚 · wall_segment Palisade Wall x2 |
| 19:05 | 暴风星云裂 · first_building Siege Workshop |
| 19:06 | [TAIDA]宋楚魚 · age_up castle |
| 19:11 | Warning: You are attacked by me. · resign |
| 20:03 | 暴风星云裂 · wall_segment Palisade Wall x1 |
| 20:08 | 暴风星云裂 · wall_segment Palisade Wall x1 |
| 20:12 | 草原枪兵 · age_up castle |
| 20:38 | RedTide · wall_segment Palisade Wall x1 |
[ AI ANALYSIS · 1 CREDIT ]
What really happened in this match?
Wolo.gg analyzes every decision: build order, eco, micro, common mistakes by bracket. Personalized analysis on WhatsApp or Discord in 30 seconds.
Civ guide
Romans
Perfil
Jugador #15934877